 Dungeon Crawl Stone Soup version 0.29-a0-719-g0fec994a2d (webtiles) character file.

Game seed: 15951564007139667025

95 Bapho the Slasher (level 4, -1/35 HPs)
             Began as a Human Fighter on June 27, 2022.
             Killed from afar by an orc wizard (6 damage)
             ... with a puff of flame
             ... on level 3 of the Dungeon.
             The game lasted 00:03:35 (2748 turns).

Bapho the Slasher (Human Fighter)                   Turns: 2748, Time: 00:03:35

Health: -1/35      AC:  9    Str: 16    XL:     4   Next: 95%
Magic:  4/4        EV:  8    Int: 11    God:
Gold:   125        SH:  0    Dex: 12    Spells: 2/3 levels left

rFire   . . .      SeeInvis .   a - +0 long sword
rCold   . . .      Faith    .   c - +0 buckler
rNeg    . . .      Spirit   .   b - +0 scale mail
rPois   .          Reflect  .   (no helmet)
rElec   .          Harm     .   (no cloak)
rCorr   .          Rampage  .   j - +0 pair of gloves
Will    .....                   p - +0 pair of boots
Stlth   ..........              (no amulet)
HPRegen 0.11/turn               e - ring of wizardry
MPRegen 0.09/turn               (no ring)

@: confused
A: no striking features
a: no special abilities


You were on level 3 of the Dungeon.
You visited 1 branch of the dungeon, and saw 3 of its levels.

You collected 125 gold pieces.

Inventory:

Hand Weapons
 a - a +0 long sword (weapon)
Missiles
 q - 6 stones (quivered)
Armour
 b - a +0 scale mail (worn)
 c - a +0 buckler (worn)
 j - a +0 pair of gloves (worn)
 p - a +0 pair of boots (worn)
Jewellery
 e - a ring of wizardry (left hand)
Scrolls
 g - 2 scrolls of immolation {unknown}
 h - a scroll of enchant weapon {unknown}
 i - 3 scrolls of teleportation {unknown}
 l - a scroll of brand weapon {unknown}
 m - a scroll of identify {unknown}
 n - a scroll of torment {unknown}
 o - a scroll of fog {unknown}
Potions
 d - 2 potions of might
 f - a potion of invisibility {unknown}
 k - a potion of resistance {unknown}
 r - a potion of flight {unknown}


   Skills:
 - Level 3.0 Fighting
 + Level 4.7 Long Blades
 - Level 3.0 Armour
 - Level 3.0 Shields


You had 2 spell levels left.
You knew the following spells:

 Your Spells              Type           Power      Damage    Failure   Level
a - Magic Dart            Conj           0%         1d3       52%         1

Your spell library contained the following spells:

 Spells                   Type           Power      Damage    Failure   Level
 Call Imp                 Summ           0%         N/A       65%         2
 Mephitic Cloud           Conj/Pois/Air  0%         N/A       86%         3


Dungeon Overview and Level Annotations

Branches:
Dungeon (3/15)

Altars:
Ashenzari
Makhleb


Message History

The orc priest hits you but does no damage.
You hit the orc priest.
The orc priest is moderately wounded.
An orc comes into view. It is wielding a +0 club.
The orc priest hits you but does no damage.
You barely miss the orc. You hit the orc but do no damage.
You hit the orc priest.
The orc priest is severely wounded.
The orc hits you with a +0 club. The orc priest hits you with a +0 mace.
You hit the orc priest but do no damage.
The orc priest is severely wounded.
The orc hits you but does no damage. The orc priest barely misses you.
The orc wizard hits you with a +0 dagger.
You closely miss the orc priest.
The orc priest is severely wounded.
You block the orc's attack. The orc priest closely misses you.
The orc wizard hits you with a +0 dagger.
The orc barely misses you. The orc priest barely misses you.
The orc wizard gestures at you while chanting.
You are confused.
You hit the orc priest but do no damage.
The orc priest is severely wounded.
The orc hits you but does no damage. The orc priest hits you with a +0 mace.
The orc wizard gestures at you while chanting.
The magic dart hits you but does no damage.
You hit the orc priest.
The orc priest is severely wounded.
The orc closely misses you.
The orc priest mumbles some strange prayers to Beogh against you.
Beogh smites you!
* * * LOW HITPOINT WARNING * * *
The orc wizard barely misses you.
You closely miss the orc priest.
The orc priest is severely wounded.
The orc closely misses you. The orc priest hits you with a +0 mace.
* * * LOW HITPOINT WARNING * * *
The orc wizard points at you and mumbles some strange words.
The puff of flame hits you.
You die...

.#......... ##...............
.#.##.#...##... ##..............
...##.#...#.... #..............
...##.#...#...o ##############.
......#...#.... #.......##.
.##..<#...##... ######..........
.##........##.. ##....'..........
...........###.##.....#..........
..........###..o@.....#..........
#........## #..oo.....#..........
+........+ #.........#....####..
#........#+##.........#....# ###
#######...............#....######
......#.........##.....).........
......#..........#...............
......#..........#..)............
..........†......#...........##..


You could see an orc priest, an orc wizard and an orc.

Vanquished Creatures
  Terence (D:3)
  2 adders (D:3)
  A worm (D:2)
  3 dart slugs
  2 ball pythons (D:1)
  6 endoplasms
  7 hobgoblins
  5 kobolds
  A quokka (D:2)
  5 bats
  A frilled lizard (D:2)
  4 goblins
  2 rats
40 creatures vanquished.

Notes
Turn   | Place    | Note
-------+----------+-------------------------------------------
     0 | D:1      | Bapho the Human Fighter began the quest for the Orb.
     0 | D:1      | Reached XP level 1. HP: 18/18 MP: 1/1
   133 | D:1      | Reached XP level 2. HP: 16/24 MP: 2/2
   385 | D:1      | You fall into a shaft and drop 1 floor!
   442 | D:2      | Reached skill level 3 in Long Blades
   530 | D:1      | Learned a level 1 spell: Magic Dart
   838 | D:1      | Reached XP level 3. HP: 28/29 MP: 3/3
  1629 | D:2      | Found a faded altar of an unknown god.
  1772 | D:3      | Reached skill level 4 in Long Blades
  1772 | D:3      | Reached XP level 4. HP: 34/35 MP: 4/4
  1847 | D:3      | Noticed Terence
  1867 | D:3      | Killed Terence
  2425 | D:3      | Found a burning altar of Makhleb.
  2731 | D:3      | Found a broken altar of Ashenzari.
  2748 | D:3      | Killed from afar by an orc wizard

Illustrated notes

Levels and vault maps discovered:
D:1:      mrwooster_arrival_arrow, layout_basic, st_stairs_13,
          hangedman_decor_peaks_small
D:2:      layout_basic, shapermc_ecumenical_altar_hornbeckon
D:3:      layout_basic, lemuel_round_altar, general_overflow_altar,
          kennysheep_generic_room_10, uniq_terence

Skill      XL: |  1  2  3 |
---------------+----------+-----
Long Blades    | 3 4 |  4.7
Fighting       | |  3.0
Armour         | |  3.0
Shields        | |  3.0

Action                   |  1- 3 |  4- 6 || total
-------------------------+-------+-------++-------
Melee: Long sword        |    91 |    61 ||   152
Throw: Stone             |    20 |    17 ||    37
Armor: Scale mail        |    28 |    22 ||    50
Dodge: Dodged            |    28 |    32 ||    60
Block: Buckler           |    24 |    13 ||    37

Table legend: (Time is in decaauts)
 A = Elapsed time spent in this place.
 B = Non-inter-level travel time spent in this place.
 C = Inter-level travel time spent in this place.
 D = Time resting spent in this place.
 E = Time spent auto-exploring this place.
 F = Levels seen in this place.
 G = Mean time per level.
                   A        B        C        D        E       F      G
               +--------+--------+--------+--------+--------+-----+--------+
         Total |   2799 |   2743 |     56 |      4 |   2306 |   3 |  933.0 |
       Dungeon |   2799 |   2743 |     56 |      4 |   2306 |   3 |  933.0 |
               +--------+--------+--------+--------+--------+-----+--------+

Top non-repeatable levels by time:
     D:1: 1137 daAuts
     D:3: 1105 daAuts
     D:2: 557 daAuts
